Workbook
Name KubunList: 税率表!$B$31:$B$36
Name ShinkokuList: 税率表!$B$24:$B$27

Sheet 使い方
A1: フリーランスの税金積立 計算シート（積立計算版）の使い方
A3: 薄い色のセルに入力します。白いセルは自動計算です。
A5: 1. 「設定」で申告の種類・年齢区分・消費税の方式と、国民健康保険の料率を入れます。
A6: 2. 「収入・経費」に今年の売上と経費を税込で入れます。
A7: 3. 「積立シミュレーター」で、毎月の積立額の目安が出ます。
A8: 4. 数値の出典は「税率表」にまとめています（令和8年分・確認日2026-10-12）。
A10: Googleスプレッドシートで使う場合、ファイル > インポート > 既存のシートを置き換える、を選びます。日付とドロップダウンが残っているか確認してください。
A11: 個人・事業利用可。再配布・再販売不可。
A12: 本書は一般的なひな形です。個別の判断は専門家にご確認ください。

Sheet 設定
A1: 設定 | E1: SETUP
A4: 薄い色のセルに入力します。白いセルは自動計算です。
A6: 屋号・氏名
A7: 事業年度（西暦） | B7: 2026
A8: 申告の種類 | B8: 青色申告（65万円） | C8: =IF($B$8="","","控除額 "&TEXT(VLOOKUP($B$8,税率表!$B$24:$C$27,2,FALSE),"#,##0")&"円") -> 控除額 650,000円
A9: 開業月（通年は1） | B9: 1
A10: 年齢区分（介護保険） | B10: 40歳未満 | C10: 40歳以上65歳未満は国保に介護分が加わります。
A11: インボイス登録 | B11: 有
A12: 消費税の方式 | B12: 2割特例 | C12: 未登録で基準期間の課税売上1,000万円以下なら「免税」。2割特例は令和8年分まで。
A13: 事業区分（簡易課税用） | B13: 第5種（サービス業等） | C13: =IF($B$13="","","みなし仕入率 "&TEXT(VLOOKUP($B$13,税率表!$B$31:$C$36,2,FALSE),"0%")) -> みなし仕入率 50%
A14: 課税仕入の割合（本則用・0〜1） | B14: 0.5
A15: 国民年金 月額（令和8年度） | B15: 17920
A17: 国民健康保険（サンプル市の概算を初期表示。自治体の通知で上書き）
A18: 区分 | B18: 所得割率 | C18: 均等割(円) | D18: 平等割(円) | E18: 賦課限度額(円)
A19: 医療分 | B19: 0.079 | C19: 34000 | D19: 22000 | E19: 660000
A20: 後期高齢者支援金分 | B20: 0.029 | C20: 12000 | D20: 8000 | E20: 260000
A21: 介護分（40〜64歳） | B21: 0.024 | C21: 12000 | D21: 6000 | E21: 170000
A22: 子ども・子育て支援金分 | B22: 0.0027 | C22: 1900 | E22: 30000
A23: サンプル市は実在しません。初期値は一般的な水準の概算です。
A24: 子ども・子育て支援金分は令和8年度から。率は年度ごとに上がる予定のため、翌年度の通知で確認してください。
A25: 18歳未満の家族の均等割は全額軽減（本表は本人分のみ）。
A26: 国保の納期回数（6月〜翌3月の目安） | B26: 10
A27: その他の所得控除 合計 | B27: 0 | C27: 社保以外。生命保険料・扶養・医療費などの控除の合計。
A28: 現在の積立残高（円） | B28: 0

Sheet 収入・経費
A1: 収入・経費 | E1: IN / OUT
A4: 薄い色のセルに入力します。白いセルは自動計算です。
A5: 税込で入力します。実績を入れた月は実績、空欄の月は見込みを使います。消費税の計算も税込金額から行います。
A8: 月 | B8: 売上 見込 | C8: 売上 実績 | D8: 売上 採用 | E8: 経費 見込 | F8: 経費 実績 | G8: 経費 採用
A9: 1月 | D9: =IF(C9="",B9,C9) -> 0 | G9: =IF(F9="",E9,F9) -> 0
A10: 2月 | D10: =IF(C10="",B10,C10) -> 0 | G10: =IF(F10="",E10,F10) -> 0
A11: 3月 | D11: =IF(C11="",B11,C11) -> 0 | G11: =IF(F11="",E11,F11) -> 0
A12: 4月 | D12: =IF(C12="",B12,C12) -> 0 | G12: =IF(F12="",E12,F12) -> 0
A13: 5月 | D13: =IF(C13="",B13,C13) -> 0 | G13: =IF(F13="",E13,F13) -> 0
A14: 6月 | D14: =IF(C14="",B14,C14) -> 0 | G14: =IF(F14="",E14,F14) -> 0
A15: 7月 | D15: =IF(C15="",B15,C15) -> 0 | G15: =IF(F15="",E15,F15) -> 0
A16: 8月 | D16: =IF(C16="",B16,C16) -> 0 | G16: =IF(F16="",E16,F16) -> 0
A17: 9月 | D17: =IF(C17="",B17,C17) -> 0 | G17: =IF(F17="",E17,F17) -> 0
A18: 10月 | D18: =IF(C18="",B18,C18) -> 0 | G18: =IF(F18="",E18,F18) -> 0
A19: 11月 | D19: =IF(C19="",B19,C19) -> 0 | G19: =IF(F19="",E19,F19) -> 0
A20: 12月 | D20: =IF(C20="",B20,C20) -> 0 | G20: =IF(F20="",E20,F20) -> 0
A21: 年間合計 | B21: =SUM(B9:B20) -> 0 | C21: =SUM(C9:C20) -> 0 | D21: =SUM(D9:D20) -> 0 | E21: =SUM(E9:E20) -> 0 | F21: =SUM(F9:F20) -> 0 | G21: =SUM(G9:G20) -> 0

Sheet 積立シミュレーター
A1: 積立シミュレーター | C1: RESERVE
A4: 薄い色のセルに入力します。白いセルは自動計算です。
A5: 設定と収入・経費から、来年に備える税金・社会保険料と、毎月の積立額の目安を出します。概算です。
A6: 1. 事業の数字
A7: 売上（税込・年間） | B7: =収入・経費!$D$21 -> 0
A8: 必要経費（税込・年間） | B8: =収入・経費!$G$21 -> 0
A9: 青色申告特別控除 | B9: =VLOOKUP(設定!$B$8,税率表!$B$24:$C$27,2,FALSE) -> 650000
A10: 事業所得 | B10: =MAX(0,B7-B8-B9) -> 0 | C10: 売上 − 経費 − 青色申告特別控除
A12: 2. 社会保険料（来年の見込み）
A13: 国民年金（年額） | B13: =設定!$B$15*12 -> 215040
A14: 国民健康保険 医療分 | B14: =ROUNDDOWN(MIN(MAX(0,$B$10-430000)*設定!$B$19+設定!$C$19+設定!$D$19,設定!$E$19),-2) -> 56000
A15: 国民健康保険 後期高齢者支援金分 | B15: =ROUNDDOWN(MIN(MAX(0,$B$10-430000)*設定!$B$20+設定!$C$20+設定!$D$20,設定!$E$20),-2) -> 20000
A16: 国民健康保険 介護分（40〜64歳） | B16: =IF(設定!$B$10="40歳以上65歳未満",ROUNDDOWN(MIN(MAX(0,$B$10-430000)*設定!$B$21+設定!$C$21+設定!$D$21,設定!$E$21),-2),0) -> 0
A17: 国民健康保険 子ども・子育て支援金分 | B17: =ROUNDDOWN(MIN(MAX(0,$B$10-430000)*設定!$B$22+設定!$C$22+設定!$D$22,設定!$E$22),-2) -> 1900 | C17: 令和8年度から。本人分のみ
A18: 社会保険料 合計 | B18: =B13+B14+B15+B16+B17 -> 292940
A19: 3. 所得税・住民税
A20: 基礎控除（所得税） | B20: =VLOOKUP($B$10,税率表!$B$14:$C$20,2,TRUE) -> 1040000
A21: その他の所得控除 | B21: =設定!$B$27 -> 0
A22: 課税所得（所得税） | B22: =ROUNDDOWN(MAX(0,$B$10-B18-B20-B21),-3) -> 0 | C22: 1,000円未満を切り捨て
A23: 所得税 | B23: =MAX(0,ROUNDDOWN($B$22*VLOOKUP($B$22,税率表!$B$4:$D$10,2,TRUE)-VLOOKUP($B$22,税率表!$B$4:$D$10,3,TRUE),0)) -> 0
A24: 復興特別所得税（2.1%） | B24: =ROUNDDOWN(B23*税率表!$B$43,0) -> 0
A25: 所得税＋復興 合計 | B25: =ROUNDDOWN(B23+B24,-2) -> 0
A26: 課税所得（住民税） | B26: =MAX(0,$B$10-B18-税率表!$B$42-B21) -> 0 | C26: 住民税の基礎控除は43万円
A27: 住民税（所得割＋均等割等） | B27: =ROUNDDOWN(B26*税率表!$B$40,-2)+税率表!$B$41 -> 5000 | C27: 所得割10%＋均等割等5,000円。調整控除は未計算のため少し多めの目安
A29: 4. 消費税
A30: 消費税の方式 | B30: =設定!$B$12 -> 2割特例
A31: 売上にかかる消費税（概算） | B31: =ROUNDDOWN(B7*10/110,0) -> 0 | C31: 税込売上 × 10/110
A32: 消費税（年額の目安） | B32: =IF(設定!$B$11="無",0,IF(設定!$B$12="免税",0,IF(設定!$B$12="2割特例",ROUNDDOWN(B31*0.2,-2),IF(設定!$B$12="3割特例",ROUNDDOWN(B31*0.3,-2),IF(設定!$B$12="簡易課税",ROUNDDOWN(B31*(1-VLOOKUP(設定!$B$13,税率表!$B$31:$C$36,2,FALSE)),-2),MAX(0,ROUNDDOWN(B31-ROUNDDOWN(B8*10/110,0)*設定!$B$14,-2))))))) -> 0
A34: 5. 年間に備える合計と毎月の積立
A35: 年間 合計（税・社会保険） | B35: =B25+B27+B32+B18 -> 297940
A36: 毎月の積立額（年間合計 ÷ 12） | B36: =ROUNDUP(B35/12,-3) -> 25000 | C36: 1,000円単位で切り上げ
A38: 6. 今の積立と不足
A39: 現在の積立残高 | B39: =設定!$B$28 -> 0
A40: 不足額（合計 − 残高） | B40: =MAX(0,B35-B39) -> 297940
A41: 事業年度内の残り月数 | B41: =MAX(1,(設定!$B$7*12+12)-(YEAR(TODAY())*12+MONTH(TODAY()))+1) -> 3
A42: 残り月数での毎月の積立額 | B42: =ROUNDUP(B40/B41,-3) -> 100000 | C42: 今から年末までで不足を埋める場合

Sheet 税率表
A1: 税率表（令和8年分）
A2: 各シートが参照する数値です。出典は国税庁・日本年金機構・総務省（確認日 2026-10-12）。自治体の料率は自治体ごとに異なります。
A3: 所得税 速算表（No.2260） | B3: 下限（課税所得） | C3: 税率 | D3: 控除額
B4: 0 | C4: 0.05 | D4: 0
B5: 1950000 | C5: 0.1 | D5: 97500
B6: 3300000 | C6: 0.2 | D6: 427500
B7: 6950000 | C7: 0.23 | D7: 636000
B8: 9000000 | C8: 0.33 | D8: 1536000
B9: 18000000 | C9: 0.4 | D9: 2796000
B10: 40000000 | C10: 0.45 | D10: 4796000
A12: 基礎控除（令和8年分 No.1199）
B13: 下限（合計所得） | C13: 控除額 | E13: 対象の合計所得
B14: 0 | C14: 1040000 | E14: 489万円以下
B15: 4890001 | C15: 670000 | E15: 489万円超 655万円以下
B16: 6550001 | C16: 620000 | E16: 655万円超 2,350万円以下
B17: 23500001 | C17: 480000 | E17: 2,350万円超 2,400万円以下
B18: 24000001 | C18: 320000 | E18: 2,400万円超 2,450万円以下
B19: 24500001 | C19: 160000 | E19: 2,450万円超 2,500万円以下
B20: 25000001 | C20: 0 | E20: 2,500万円超
A23: 青色申告特別控除（No.2072）
B24: 青色申告（65万円） | C24: 650000
B25: 青色申告（55万円） | C25: 550000
B26: 青色申告（10万円） | C26: 100000
B27: 白色申告 | C27: 0
A30: 簡易課税 みなし仕入率（No.6505）
B31: 第1種（卸売業） | C31: 0.9
B32: 第2種（小売業等） | C32: 0.8
B33: 第3種（製造業等） | C33: 0.7
B34: 第4種（その他） | C34: 0.6
B35: 第5種（サービス業等） | C35: 0.5
B36: 第6種（不動産業） | C36: 0.4
A38: その他の基準値
A39: 国民年金 月額 | B39: 17920 | E39: 令和8年度
A40: 住民税 所得割率 | B40: 0.1 | E40: 都道府県4%＋市区町村6%
A41: 住民税 均等割＋森林環境税 | B41: 5000 | E41: 年額
A42: 住民税の基礎控除 | B42: 430000
A43: 復興特別所得税率 | B43: 0.021

Sheet 変更履歴
A1: 版 | B1: 内容
A2: v2026.10 | B2: 初版。
A3: v2026.10.1 | B3: 国民健康保険に子ども・子育て支援金分（令和8年度から）を追加。設定の国保表に区分を追加し、所得割・均等割・賦課限度額で計算、社会保険料合計・支払カレンダー・毎月の積立額に反映。2026-10-13
